 Dungeon Crawl Stone Soup version 0.27.1-33-g824d729ab1 (webtiles) character file.

Game seed: 14117855833877263287

266 CrazyMind the Shield-Bearer (level 6, -3/47 HPs)
             Began as a Human Fighter on Nov 25, 2021.
             Killed by divine providence
             ... invoked by an orc priest
              (12 damage)
             ... on level 3 of the Dungeon.
             The game lasted 00:09:02 (2804 turns).

CrazyMind the Shield-Bearer (Human Fighter)         Turns: 2804, Time: 00:09:04

Health: -3/47      AC:  7    Str: 17 (18) XL:     6   Next: 44%
Magic:  6/6        EV: 11    Int:  8      God:
Gold:   89         SH:  9    Dex: 13      Spells: 5/5 levels left

rFire    . . .     SeeInvis .   a - +0 long sword
rCold    . . .     Faith    .   c - +0 kite shield
rNeg     . . .     Spirit   .   b - +0 scale mail
rPois    .         Reflect  .   (no helmet)
rElec    .         Harm     .   (no cloak)
rCorr    .         Rampage  .   (no gloves)
Will     .....                  (no boots)
Stlth    ..........             (no amulet)
HPRegen  0.15/turn              i - +4 ring of evasion
MPRegen  0.10/turn              (no ring)

@: no status effects
A: no striking features
a: no special abilities


You were on level 3 of the Dungeon.
You visited 1 branch of the dungeon, and saw 3 of its levels.

You collected 89 gold pieces.

Inventory:

Hand Weapons
 a - a +0 long sword (weapon)
 g - a +0 hunting sling
 p - a +0 short sword
Missiles
 e - 40 arrows
 j - 49 bolts
 k - 21 poisoned darts
 m - 78 stones (quivered)
 t - 25 sling bullets
Armour
 b - a +0 scale mail (worn)
 c - a +0 kite shield (worn)
 s - a +0 plate armour
Jewellery
 i - a +4 ring of evasion (left hand)
Scrolls
 d - a scroll of immolation {unknown}
 f - 2 scrolls of noise {unknown}
 h - 4 scrolls of identify {unknown}
 l - a scroll of blinking {unknown}
 n - 2 scrolls of teleportation {unknown}
 r - a scroll of brand weapon {unknown}
Potions
 o - a potion of haste


   Skills:
 + Level 3.5 Fighting
 + Level 4.0 Long Blades
 + Level 0.5 Throwing
 + Level 3.9 Armour
 + Level 1.3 Dodging
 * Level 4.3 Shields


You had 5 spell levels left.
You didn't know any spells.
Your spell library contained the following spells:

 Spells                   Type           Power      Damage    Failure   Level
 Apportation              Tloc           0%         N/A       99%         1
 Conjure Flame            Conj/Fire      0%         6-21      100%        3
 Ignite Poison            Fire/Tmut/Pois 0%         N/A       100%        3
 Airstrike                Air            0%         N/A       100%        4
 Sticky Flame             Conj/Fire      0%         2d3       100%        4
 Summon Lightning Spire   Summ/Air       0%         N/A       100%        4
 Alistair's Intoxication  Tmut/Pois      0%         N/A       100%        5
 Lightning Bolt           Conj/Air       0%         1d11      100%        5
 Invisibility             Hex            0%         N/A       100%        6


Dungeon Overview and Level Annotations

Branches:
Dungeon (3/15)

Altars:


Message History

The orc priest calls down the wrath of Beogh upon you.
Pain shoots through your body! Something hits you but does no damage.
You closely miss something. Something hits you but does no damage.
You completely miss something.
You hear some strange, mumbled words.
Something tries to affect you, but you resist.
You slash something! Something hits you.
The orc priest calls down the wrath of Beogh upon you.
Beogh smites you! Something barely misses you.
You closely miss something. Something hits you but does no damage.
You closely miss something.
The orc priest mumbles some strange prayers to Beogh against you.
Something writhes in agony!
Reactivating autopickup.
You feel a bit more experienced.
The orc priest invokes the aid of Beogh against you.
Pain shoots through your body!
* * * LOW HITPOINT WARNING * * *
Your Long Blades skill increases to level 4!
The orc priest barely misses you.
You riposte.
You closely miss the orc priest.
Items here: )) [[ ††.
You hit the orc priest but do no damage.
The orc priest hits you but does no damage.
You hit the orc priest.
The orc priest is moderately wounded.
The orc priest misses you.
The orc priest hits you but does no damage.
You hit the orc priest but do no damage.
The orc priest is moderately wounded.
You block the orc priest's attack.
You hit the orc priest.
The orc priest is heavily wounded.
The orc priest looks braver for a moment.
You barely miss the orc priest.
The orc priest is heavily wounded.
The orc priest hits you with a +0 club.
* * * LOW HITPOINT WARNING * * *
The orc priest calls down the wrath of Beogh upon you.
Beogh smites you!
You die...

#.# #.####.##
#.....#.# #.#
#........
##.####.# #.#
#.####.## #.#
#.# #..
#.#..#.# ..#
#.# ###
#.#..+.+ ####
#.#
#.#'##.####.#
#.#
#...........#
#.#
#.#'##.####
#.#..#@#.?#
#.#..'o'..#
###
#.####.##+#
.... #.. .[..
#### #.#
#.##+ ### #.#
#.# ... +.+
##. #.# ..


You could see an orc priest.

Vanquished Creatures
  A necrophage (D:3)
  A black bear (D:3)
  2 adders (D:2)
  A worm (D:2)
  A dart slug (D:2)
  An orc (D:3)
  5 bats
  2 endoplasms
  2 giant cockroaches
  2 goblins (D:1)
  2 hobgoblins
  7 jackals (D:1)
  9 kobolds
  7 quokkas
  7 ball pythons
  3 frilled lizards
  4 rats
57 creatures vanquished.

Vanquished Creatures (others)
  An orc wizard (D:3)
1 creature vanquished.

Grand Total: 58 creatures vanquished

Notes
Turn   | Place    | Note
-------+----------+-------------------------------------------
     0 | D:1      | CrazyMind the Human Fighter began the quest for the Orb.
     0 | D:1      | Reached XP level 1. HP: 18/18 MP: 1/1
    58 | D:1      | Reached XP level 2. HP: 23/24 MP: 2/2
   476 | D:1      | Reached XP level 3. HP: 28/29 MP: 3/3
   963 | D:2      | Found a faded altar of an unknown god.
  1197 | D:2      | Reached XP level 4. HP: 35/35 MP: 4/4
  2374 | D:3      | Noticed a necrophage
  2393 | D:3      | Killed a necrophage
  2394 | D:3      | Reached skill level 1 in Dodging
  2394 | D:3      | Reached XP level 5. HP: 18/41 MP: 5/5
  2679 | D:3      | Noticed a black bear
  2684 | D:3      | Killed a black bear
  2685 | D:3      | Reached XP level 6. HP: 35/47 MP: 6/6
  2804 | D:3      | Killed from afar by an orc priest

Illustrated notes

Levels and vault maps discovered:
D:1:      zaba_arrival_water, layout_basic, serial_rivers,
          chequers_serial_rivers_micro_a, chequers_serial_rivers_micro_e,
          chequers_serial_rivers_small_3, chequers_serial_rivers_small_a,
          chequers_serial_rivers_room_b, chequers_serial_rivers_large_b,
          minmay_tromino_v7
D:2:      minmay_general_purpose_star, layout_loops_ring, basic_ecumenical_altar
D:3:      minmay_door_path, layout_loops_ring

Skill      XL: |  1  2  3  4  5  6 |
---------------+-------------------+-----
Long Blades    | 3 4 |  4.0
Dodging        | 1 |  1.3
Shields        | 4 |  4.3
Fighting       | |  3.5
Throwing       | |  0.5
Armour         | |  3.9

Action                   |  1- 3 |  4- 6 || total
-------------------------+-------+-------++-------
Melee: Long sword        |   111 |    98 ||   209
Throw: Stone             |     5 |     3 ||     8
  Use: Potion            |       |     5 ||     5
Armor: Scale mail        |    34 |    46 ||    80
Dodge: Dodged            |    46 |    45 ||    91
Block: Kite shield       |    55 |    42 ||    97
       Rpst.: Long sword |    12 |    13 ||    25
